 Dungeon Crawl Stone Soup version 0.24.0-123-gd5b16e6ec5 (webtiles) character file.

Game seed: 18177854926938518223, levelgen mode: deterministic

52 Descartes the Ducker (level 3, -9/17 HPs)
             Began as a Felid Monk on Dec 20, 2019.
             Killed by divine providence
             ... invoked by an orc priest
              (11 damage)
             ... on level 3 of the Dungeon.
             The game lasted 00:06:25 (2906 turns).

Descartes the Ducker (Felid Monk)                   Turns: 2906, Time: 00:06:26

Health: -9/17      AC:  1    Str:  8    XL:     3   Next: 60%
Magic:  4/4        EV: 20    Int: 11    God:
Gold:   139        SH:  0    Dex: 18    Spells: 2/2 levels left
                                        Lives:  0   Deaths: 1

rFire    . . .     SeeInvis +     - Unarmed
rCold    . . .     Gourm    .   (shield unavailable)
rNeg     . . .     Faith    .   (armour unavailable)
rPois    .         Spirit   .   (helmet unavailable)
rElec    .         Reflect  .   (cloak unavailable)
rCorr    .         Harm     .   (gloves unavailable)
MR       .....                  (boots unavailable)
Stlth    +++.......             (no amulet)
HPRegen  0.05/turn              (no ring)
MPRegen  0.09/turn              (no ring)

@: quick
A: very small, no armour, no weapons or thrown items, stealth, claws 1, fangs 3,
see invisible, carnivore, speed 1, shaggy fur 1, slow metabolism 1, sharp paws
a: no special abilities


You were on level 3 of the Dungeon.
You were completely stuffed.

You visited 1 branch of the dungeon, and saw 3 of its levels.

You collected 139 gold pieces.

Inventory:

Missiles
 d - 162 stones
Jewellery
 g - an uncursed ring of poison resistance {unknown}
 o - an uncursed ring of protection from cold {unknown}
Scrolls
 c - 3 scrolls of amnesia {unknown}
 e - a scroll of enchant armour {unknown}
 f - a scroll of fog {unknown}
 h - 3 scrolls of identify {unknown}
 l - 3 scrolls of remove curse {unknown}
 m - 2 scrolls of immolation {unknown}
 n - a scroll of noise {unknown}
 p - a scroll of blinking {unknown}
 q - a scroll of magic mapping {unknown}
Potions
 b - a potion of magic {unknown}
 i - a potion of resistance {unknown}
 j - a potion of heal wounds {unknown}
 k - a potion of mutation {unknown}
 s - a potion of curing {unknown}
Comestibles
 a - 9 rations
 r - 4 chunks of flesh


   Skills:
 + Level 3.6 Fighting
 + Level 4.7 Dodging
 + Level 3.9 Stealth
 * Level 4.1 Unarmed Combat


You had 2 spell levels left.
You didn't know any spells.
Your spell library was empty.

Dungeon Overview and Level Annotations

Branches:
Dungeon (3/15)

Altars:
Dithmenos
Hepliaklqana
Makhleb
Nemelex Xobeh

Annotations:
D:3 1 transporter


Innate Abilities, Weirdness & Mutations

You cannot wear armour.
You are incapable of wielding weapons or throwing items.
Your paws allow you to move quietly. (Stealth)
You have sharp claws.
You have razor-sharp teeth.
You have supernaturally acute eyesight. (SInv)
You are carnivorous and can eat meat at any time.
You cover ground quickly.
You are covered in fur. (AC +1)
You have a slow metabolism.
Your sharp claws are effective at attacking unaware monsters.


Message History

The orc priest misses you.
Things that are here:
a +0 short sword; 4 boomerangs; an orc corpse Unknown command.
The orc shouts!
You scratch the orc priest.
The orc priest is lightly wounded.
You scratch the orc priest. You bite the orc priest.
The orc priest is heavily wounded.
The orc priest misses you.
You scratch the orc priest.
The orc priest is almost dead.
The orc priest hits you with a +0 whip.
* * * LOW HITPOINT WARNING * * *
You barely miss the orc priest.
The orc priest is almost dead.
The orc priest invokes the aid of Beogh against you.
Beogh smites you!
Ouch! That really hurt!
You die...

########### ###
#.........#
##.###.#######.#
##...##.# #.#
.....#.# ##.#
...##.## #... #
#.##...## #..#
#..#####.#.....#
#...
#..oo@†....<...#
#...
#.######'#.....#
#.#. ##)..#...##
#.## ##.....####
##... ##.......##
##.###
#.........####.....
+.........'........
#.........####....#
##.......## #.....


You could see an orc priest and an orc.

Vanquished Creatures
  5 adders
  An ooze (D:2)
  A dart slug (D:3)
  2 orcs (D:3)
  2 giant cockroaches
  2 goblins
  9 hobgoblins
  11 jackals
  3 kobolds
  A ball python (D:1)
  5 bats
  6 frilled lizards
  4 rats
52 creatures vanquished.

Vanquished Creatures (others)
  A rat (D:2)
1 creature vanquished.

Grand Total: 53 creatures vanquished

Notes
Turn   | Place    | Note
-------+----------+-------------------------------------------
     0 | D:1      | Descartes the Felid Monk began the quest for the Orb.
     0 | D:1      | Reached XP level 1. HP: 10/10 MP: 2/2
   163 | D:1      | Reached XP level 2. HP: 6/14 MP: 3/3
  1299 | D:2      | Reached XP level 3. HP: 15/17 MP: 4/4
  1737 | D:2      | Reached XP level 4. HP: 21/21 MP: 5/5
  2070 | D:3      | Found a shadowy altar of Dithmenos.
  2094 | D:3      | Found a hazy altar of Hepliaklqana.
  2476 | D:3      | Found a transporter.
  2647 | D:3      | Found a sparkling altar of Nemelex Xobeh.
  2647 | D:3      | Found a burning altar of Makhleb.
  2853 | D:3      | Killed from afar by an orc priest
  2854 | D:3      | Reached XP level 3. HP: -2/17 MP: 4/4
  2906 | D:3      | Killed from afar by an orc priest

Levels and vault maps discovered:
D:1:      psy_arrival_fountain, layout_basic
D:2:      layout_loops_ring, lemuel_old_faithful
D:3:      layout_loops_corners, grunt_dithmenos_smoke, lemuel_crystal_altar,
          grunt_temple_overflow_open, gammafunk_ghost_mausoleum

Skill      XL: |  1  2  3  4 |
---------------+-------------+-----
Stealth        | 3 |  3.9
Unarmed Combat | 4 |  4.1
Fighting       | |  3.6
Dodging        | |  4.7

Action                   |  1- 3 |  4- 6 || total
-------------------------+-------+-------++-------
Melee: Unarmed           |    82 |    50 ||   132
       Bite              |     6 |     2 ||     8
       Punch             |     2 |     1 ||     3
 Stab: Sleeping          |    16 |     3 ||    19
  Eat: Chunk             |    15 |     2 ||    17
Armor: Skin              |     3 |     2 ||     5
Dodge: Dodged            |    55 |    31 ||    86
